Map: World of Sleepers LE

Players

Awers

  • Race: Terran Terran
  • Spawn Location: 7:00

HeroMarine - Winner!

  • Race: Terran Terran
  • Spawn Location: 1:00

Event: IEM Katowice 2020

VOD

Have the link to the VOD?

Description

Time

  • Played on: Feb. 24, 2020, 4:30 a.m.
  • Length: 8:27

All games in this series

Show
View Real Time Build Order
Export as new Build Order

Awers Terran 

Build Orders: Gas First Reaper Expand, Mech 

Get SALT Encoding   

  12  0:01  SCV  
  13  0:13  SCV  
  14  0:18  Supply Depot  
  14  0:25  SCV  
  14  0:27  Refinery  
  15  0:39  SCV  
  16  0:43  Barracks  
  16  0:51  SCV  
  17  1:03  SCV  
  18  1:15  SCV  
  19  1:31  Reaper, Orbital Command  
  20  1:45  Command Center  
  20  1:55  Factory  
  20  1:58  SCV  
  21  2:06  Barracks Reactor  
  21  2:08  Refinery  
  21  2:10  SCV  
  22  2:16  Supply Depot  
  22  2:25  SCV  
  23  2:38  SCV  
  23  2:40  Hellion, Starport  
  26  2:50  SCV  
  26  2:54  Marine x2  
  27  3:02  SCV  
  26  3:09  Hellion  
  28  3:14  SCV  
  27  3:27  SCV  
  28  3:30  Marine x2  
  28  3:31  Factory Tech Lab  
  27  3:38  Orbital Command  
  26  3:46  SCV  
  26  3:48  Marine  
  28  3:52  Marine  
  29  3:58  SCV  
  30  4:03  Cloaking Field  
  30  4:05  SCV  
  32  4:11  SCV  
  32  4:16  Banshee  
  35  4:17  SCV  
  35  4:19  Factory Tech Lab  
  35  4:24  SCV  
  37  4:29  SCV  
  38  4:31  Marine  
  38  4:32  Supply Depot, Marine  
  38  4:36  SCV  
  41  4:41  SCV  
  41  4:43  Siege Tank  
  43  4:48  SCV, Bunker  
  43  4:49  Refinery, Marine x2  
  46  4:54  SCV  
  46  4:59  Supply Depot, Banshee  
  50  5:00  SCV  
  50  5:06  SCV  
  52  5:12  SCV  
  53  5:19  SCV  
  53  5:20  Command Center  
  54  5:25  SCV  
  54  5:28  Siege Tank  
  58  5:31  Supply Depot  
  58  5:32  SCV  
  56  5:43  SCV  
  56  5:44  Raven  
  56  5:45  Refinery  
  56  5:47  SCV  
  60  5:52  Factory  
  60  5:55  SCV, Factory  
  60  5:56  Barracks Reactor  
  61  6:01  SCV  
  61  6:02  Siege Tank  
  65  6:06  Supply Depot  
  65  6:07  SCV  
  66  6:13  SCV  
  67  6:19  SCV  
  69  6:25  SCV  
  69  6:29  Supply Depot  
  69  6:30  Supply Depot  
  69  6:31  SCV  
  69  6:32  Orbital Command  
  70  6:35  Engineering Bay  
  70  6:37  SCV  
  71  6:43  SCV  
  71  6:44  Widow Mine x2  
  76  6:48  Liberator x2  
  76  6:49  SCV  
  83  6:54  Orbital Command  
  83  6:55  SCV  
  83  6:56  Siege Tank  
  87  7:01  Siege Tank  
  87  7:02  SCV  
  91  7:11  SCV  
  91  7:12  Hellion  
  91  7:13  Hellion  
  96  7:21  SCV  
  97  7:23  SCV  
  97  7:24  SCV  
  97  7:27  Armory  
  97  7:28  Supply Depot  
  99  7:30  Viking  
  99  7:31  Viking  
  99  7:33  SCV  
  99  7:36  SCV  
  101  7:42  SCV  
  100  7:45  SCV  
  100  7:48  SCV  
  98  7:54  SCV  
  98  7:56  Hellion x2  
  98  7:58  SCV  
  94  8:02  SCV  
  94  8:16  Supply Depot  
  94  8:18  Supply Depot  
  93  8:20  Supply Depot  
Show
View Real Time Build Order
Export as new Build Order

HeroMarine Terran - Winner!

Build Orders:  

Get SALT Encoding   

  12  0:00  SCV  
  13  0:12  SCV  
  14  0:17  Supply Depot  
  14  0:25  SCV  
  14  0:28  Refinery  
  15  0:38  SCV  
  16  0:43  Barracks  
  16  0:50  SCV  
  16  0:56  Refinery  
  17  1:03  SCV  
  18  1:15  SCV  
  19  1:30  Orbital Command  
  19  1:32  Factory  
  19  1:34  Reaper  
  20  1:44  Supply Depot  
  20  1:56  SCV  
  21  2:06  Reaper  
  21  2:08  SCV  
  23  2:16  Hellion  
  23  2:20  SCV  
  26  2:27  Command Center  
  26  2:32  SCV  
  27  2:44  SCV, Starport  
  27  2:46  Hellion  
  27  2:48  Reaper  
  31  3:02  Supply Depot  
  31  3:12  Factory Tech Lab  
  31  3:16  SCV  
  30  3:28  SCV  
  30  3:32  Cyclone, Barracks Tech Lab  
  34  3:40  SCV, Orbital Command  
  33  3:45  Starport Tech Lab  
  32  3:52  SCV  
  30  4:04  SCV, Cyclone  
  30  4:06  Command Center  
  30  4:07  SCV  
  35  4:17  Raven  
  35  4:18  SCV  
  35  4:19  SCV  
  39  4:26  Barracks Reactor  
  39  4:30  SCV  
  40  4:32  SCV  
  40  4:36  Barracks  
  40  4:37  Barracks  
  41  4:40  Refinery  
  41  4:42  SCV  
  41  4:44  SCV  
  43  4:46  Refinery  
  43  4:49  Siege Tank  
  46  4:54  SCV  
  46  4:56  SCV  
  46  4:57  Engineering Bay x2  
  48  5:02  Marine  
  48  5:03  Marine  
  48  5:06  SCV  
  51  5:08  SCV  
  52  5:18  SCV, Orbital Command  
  52  5:20  SCV, Starport Reactor  
  54  5:26  Terran Infantry Weapons Level 1, Terran Infantry Armor Level 1  
  54  5:30  SCV, Stimpack  
  54  5:32  SCV  
  56  5:40  Marine x3  
  56  5:41  Marine  
  59  5:42  SCV  
  59  5:44  SCV  
  59  5:45  SCV  
  59  5:49  Supply Depot  
  61  5:52  Missile Turret  
  61  5:54  SCV  
  61  5:55  Combat Shield  
  61  5:56  SCV  
  63  5:57  SCV  
  63  5:58  Marine  
  63  5:59  Supply Depot  
  63  6:03  Medivac x2  
  69  6:10  SCV x2  
  71  6:12  Supply Depot x2  
  71  6:17  Marauder x2  
  71  6:18  Marine x2  
  77  6:23  SCV x2  
  77  6:24  Orbital Command  
  79  6:27  Supply Depot  
  79  6:35  SCV x2  
  79  6:38  Marauder  
  79  6:39  Marauder  
  85  6:40  Medivac x2  
  89  6:47  SCV x2  
  89  6:53  SCV  
  92  6:59  SCV x2  
  92  7:00  Marauder x2  
  92  7:01  Armory, Marine  
  98  7:03  Marine  
  98  7:05  SCV  
  101  7:11  SCV x2  
  101  7:12  Missile Turret  
  101  7:17  SCV  
  101  7:20  Marine  
  101  7:21  Marauder, Marine  
  105  7:23  SCV x2  
  105  7:29  SCV, Barracks  
  108  7:30  Barracks  
  108  7:35  SCV  
  109  7:38  SCV, Marine  
  109  7:43  Supply Depot x2  
  109  7:44  SCV, Marine  
  109  7:45  Marauder x2  
  109  7:47  SCV  
  109  7:50  SCV  
  117  7:56  SCV  
  117  8:04  Marine x2  
  117  8:05  SCV  
  124  8:06  Marauder  
  124  8:11  SCV, Supply Depot x2, Refinery  
  124  8:12  Refinery  
  127  8:13  SCV  

Tags
 
Add a new tag
Caveats
  • Supply blocks, unpowered buildings, or Contaminate may cause inaccurate times.
  • Supply counts are checked every 10 seconds.